 Dungeon Crawl Stone Soup version 0.31.0-9-g3a7656b989 (webtiles) character file.

Game seed: 12388537929081803354

5992 Peloso the Carver (level 10, -1/86 HPs)
             Began as a Minotaur Fighter on Jan 31, 2024.
             Was a Believer of Okawaru.
             Slain by a yak (11 damage)
             ... on level 9 of the Dungeon.
             The game lasted 00:14:19 (8874 turns).

Peloso the Carver (Minotaur Fighter)                Turns: 8874, Time: 00:14:19

Health: -1/86      AC: 11    Str: 21    XL:     10   Next: 55%
Magic:  9/9        EV:  9    Int:  5    God:    Okawaru [**....]
Gold:   414        SH: 19    Dex: 20    Spells: 9/9 levels left

rFire   . . .        a - +0 long sword (flame)
rCold   . . .        d - +1 tower shield
rNeg    . . .        c - +0 chain mail
rPois   .            (helmet restricted)
rElec   .            (no cloak)
rCorr   .            (no gloves)
SInv    .            (no boots)
Will    .....        (no amulet) Stlth
                     k - +6 ring of dexterity
HPRegen 0.34/turn    u - ring of flight
MPRegen 0.11/turn

%: no passive effects
@: flying
A: horns 2, retaliatory headbutt
a: Renounce Religion, Heroism


You were on level 9 of the Dungeon.
You worshipped Okawaru.
Okawaru was pleased with you.
You visited 2 branches of the dungeon, and saw 10 of its levels.
You also visited: Sewer.

You collected 414 gold pieces.

Inventory:

Hand Weapons
 a - a +0 long sword of flaming (weapon)
Missiles
 J - 2 throwing nets (quivered)
Armour
 b - a +0 scale mail
 c - a +0 chain mail (worn)
 d - a +1 tower shield (worn)
Jewellery
 k - a +6 ring of dexterity (left hand)
 p - a +6 ring of intelligence
 q - a ring of wizardry
 t - a +6 ring of strength
 u - a ring of flight (right hand)
Wands
 x - a wand of mindburst (16)
 y - a wand of charming (5)
 F - a wand of flame (18)
 G - a wand of roots (5)
Scrolls
 h - 4 scrolls of amnesia
 m - a scroll of silence
 n - 2 scrolls of immolation
 r - 2 scrolls of teleportation
 s - 2 scrolls of enchant armour
 w - 2 scrolls of fog
 B - 3 scrolls of identify
 E - a scroll of torment {unknown}
 H - a scroll of revelation {unknown}
 I - a scroll of poison {unknown}
Potions
 e - a potion of invisibility {unknown}
 f - 2 potions of curing
 g - 2 potions of brilliance
 i - 4 potions of might
 j - a potion of magic {unknown}
 l - a potion of degeneration {unknown}
 o - a potion of berserk rage
 v - 2 potions of attraction
 z - a potion of resistance
 A - a potion of cancellation
 C - 2 potions of mutation
 D - 2 potions of lignification


   Skills:
 + Level 7.2 Fighting
 + Level 10.9 Long Blades
 + Level 9.6 Armour
 + Level 4.1 Dodging
 + Level 1.0 Stealth
 + Level 10.9 Shields
 + Level 0.2 Invocations
 + Level 0.8 Evocations


You had 9 spell levels left.
You didn't know any spells.
Your spell library contained the following spells:

 Spells                   Type           Power      Damage    Failure   Level
 Jinxbite                 Hex            0%         N/A       100%        2
 Lesser Beckoning         Tloc           0%         N/A       100%        2
 Mercury Vapours          Alch/Air       0%         N/A       100%        2
 Static Discharge         Conj/Air       0%         3-3/arc   100%        2
 Frozen Ramparts          Ice            0%         1d1       100%        3
 Gell's Gravitas          Tloc           0%         N/A       100%        3
 Mephitic Cloud           Conj/Alch/Air  0%         N/A       100%        3
 Teleport Other           Tloc           0%         N/A       100%        3
 Airstrike                Air            0%         2d(0-16)  100%        4
 Leda's Liquefaction      Alch/Erth      0%         N/A       100%        4
 Passage of Golubria      Tloc           0%         N/A       100%        4
 Petrify                  Alch/Erth      0%         N/A       100%        4
 Freezing Cloud           Conj/Ice/Air   0%         6-21      100%        5
 Metabolic Englaciation   Hex/Ice        0%         N/A       100%        5
 Yara's Violent Unravell  Hex/Alch       0%         3d3       100%        5
 Enfeeble                 Hex            0%         N/A       100%        7
 Tukima's Dance           Hex            Unusable   N/A       N/A         3
 Summon Lightning Spire   Summ/Air       Unusable   N/A       N/A         4

Dungeon Overview and Level Annotations

Branches:
Dungeon (9/15)             Temple (1/1) D:7            Lair (0/5) D:9
  Sewer (visited)
    Orc: D:9-12

Altars:
Ashenzari
Cheibriados
Dithmenos
Elyvilon
Fedhas
Gozag
Hepliaklqana
Kikubaaqudgha
Makhleb
Nemelex Xobeh
Okawaru
Qazlal
Ru
Sif Muna
Trog
Uskayaw
Vehumet
Wu Jian
Xom
Zin
The Shining One

Shops:
D:5 :


Innate Abilities, Weirdness & Mutations

You have a pair of horns on your head.
You reflexively headbutt those who attack you in melee.


Message History

The death yak closely misses you.
You hit the death yak but do no damage.
The death yak is almost dead.
You slash the death yak! You burn the death yak.
You kill the death yak!
Okawaru is honoured by your kill.
You see here a death yak corpse.
You feel like a meek peon again.
You see here a death yak corpse.
There is a stone staircase leading down, spattered with blood here.
You start resting.
Magic restored.
You start resting.
HP restored.
You fly downwards.
You block the yak's attack. You block the death yak's attack.
The death yak gores you. The yak gores you but does no damage.
There is a stone staircase leading up here.
You block the death yak's attack. The death yak gores you!
You block the yak's attack.
You fly upwards.
There is a stone staircase leading down, spattered with blood here.
Unknown command.
You block the death yak's attack. x2; You block the yak's attack.
You fly downwards.
There is a stone staircase leading up, spattered with blood here.
The death yak gores you!!
You see here a +0 flail.
The death yak attacks as it pursues you!
The death yak gores you!!
The death yak attacks as it pursues you!
The death yak gores you. The death yak gores you!!
* * * LOW HITPOINT WARNING * * *
The death yak attacks as it pursues you!
You block the death yak's attack.
Things that are here:
a +0 spear; a gnoll skeleton The yak gores you!
You die...

########...##.......#
...................##
..................##
..................#
..................#
..................#
..................#
..................###
...............)@...##
..............)YY....#
..............).Y.#.##
..............<)..###
...################
...# ...# ..## ..#


You could see 2 death yaks and a yak.

Vanquished Creatures
  3 death yaks (D:8)
  Grinder (D:4)
  6 yaks
  A basilisk (D:7)
  A steam dragon (D:7)
  2 sky beasts
  An orc warrior (D:6)
  A water moccasin (D:6)
  A centaur (D:9)
  2 ogres
  A phantom (D:6)
  2 kobold brigands
  4 bullfrogs
  A gnoll sergeant (D:9)
  A scorpion (D:5)
  5 wights (D:8)
  3 killer bees (D:8)
  A howler monkey (D:6)
  A bombardier beetle (D:5)
  7 hounds
  4 jellies
  2 gnoll boudas
  2 orc priests
  2 sleepcaps (D:6)
  6 iguanas
  6 orc wizards
  Robin (D:3)
  15 gnolls
  11 adders
  2 river rats (Sewer)
  A shadow imp (D:6)
  4 white imps
  2 dart slugs (D:2)
  A ribbon worm (D:3)
  24 orcs
  10 endoplasms
  4 giant cockroaches
  15 goblins
  9 hobgoblins
  4 jackals
  8 quokkas
  15 ball pythons
  4 bats
  9 frilled lizards
  18 kobolds
  21 rats
245 creatures vanquished.

Notes
Turn   | Place    | Note
-------+----------+-------------------------------------------
     0 | D:1      | Peloso the Minotaur Fighter began the quest for the Orb.
     0 | D:1      | Reached XP level 1. HP: 19/19 MP: 0/0
   168 | D:1      | Reached XP level 2. HP: 19/27 MP: 1/1
   292 | D:1      | Found a faded altar of an unknown god.
  1176 | D:2      | Reached XP level 3. HP: 33/33 MP: 2/2
  1644 | D:2      | Reached XP level 4. HP: 40/40 MP: 3/3
  2374 | D:3      | Noticed Robin
  2413 | D:3      | Killed Robin
  2416 | D:3      | Reached XP level 5. HP: 33/47 MP: 4/4
  2782 | D:4      | Reached skill level 5 in Long Blades
  3035 | D:4      | Found a shimmering altar of Xom.
  3061 | D:4      | Reached XP level 6. HP: 49/53 MP: 5/5
  3082 | D:4      | Found a sacrificial altar of Ru.
  3082 | D:4      | Found a shadowy altar of Dithmenos.
  3084 | D:4      | Found a shadowy altar of Dithmenos.
  3084 | D:4      | Found a snail-covered altar of Cheibriados.
  3084 | D:4      | Found a white marble altar of Elyvilon.
  3118 | D:4      | Reached skill level 5 in Armour
  3292 | D:4      | Found a snail-covered altar of Cheibriados.
  3501 | D:4      | Reached skill level 1 in Dodging
  3598 | D:4      | Noticed Grinder
  3616 | D:4      | Paralysed by Grinder for 5 turns
  3628 | D:4      | Killed Grinder
  3629 | D:4      | Reached skill level 5 in Fighting
  3629 | D:4      | Reached XP level 7. HP: 32/61 MP: 6/6
  3960 | D:4      | Found an opulent altar of Gozag.
  4091 | D:5      | Entered Level 5 of the Dungeon
  4552 | D:5      | Found an ornate altar of the Wu Jian Council.
  4721 | D:5      | Found Gaczeru's Book Boutique.
  5045 | D:6      | Found a shadowy altar of Dithmenos.
  5061 | D:6      | Reached XP level 8. HP: 60/69 MP: 7/7
  5097 | D:6      | Reached skill level 5 in Shields
  5138 | D:6      | Found a glowing drain.
  5148 | Sewer    | Entered a sewer
  5689 | D:6      | Reached XP level 9. HP: 30/75 MP: 8/8
  6560 | D:7      | Found a sparkling altar of Nemelex Xobeh.
  6642 | D:7      | Found a radiant altar of Vehumet.
  6893 | D:7      | Found a staircase to the Ecumenical Temple.
  7138 | Temple   | Entered the Ecumenical Temple
  7196 | Temple   | Became a worshipper of Warmaster Okawaru
  7591 | D:8      | Reached skill level 10 in Long Blades
  8041 | D:8      | Reached * piety under Okawaru
  8050 | D:8      | Reached XP level 10. HP: 70/84 MP: 9/9
  8464 | D:9      | Noticed a death yak
  8488 | D:8      | Killed a death yak
  8489 | D:8      | Reached skill level 10 in Shields
  8741 | D:9      | Found a staircase to the Lair.
  8741 | D:9      | Noticed a death yak
  8742 | D:9      | Noticed a death yak
  8777 | D:8      | Killed a death yak
  8781 | D:8      | Reached ** piety under Okawaru
  8782 | D:8      | Reached skill level 1 in Stealth
  8785 | D:9      | Noticed a death yak
  8785 | D:9      | Noticed a death yak
  8798 | D:8      | Killed a death yak
  8874 | D:9      | Slain by a yak

Illustrated notes

Levels and vault maps discovered:
D:1:      onia_arrival_mini_maze_b, layout_loops_ring,
          nicolae_ecumenical_snake_handling, chequers_serial_rivers_large_a
D:2:      minmay_spotlight, layout_basic
D:3:      minmay_evil_eye, layout_rooms, minmay_liquid_box, uniq_robin
D:4:      layout_basic, doesnt_xom_only_xom, mainiacjoe_overflow_tiny_flanked,
          mainiacjoe_overflow_cross_hatched, uniq_grinder
D:5:      cheibrodos_helix_gallery, layout_gridville,
          nicolae_overflow_crystal_walls, serial_shops, shop
D:6:      layout_basic, grunt_dithmenos_smoke_and_mirrors, portal_sewer_entry_d,
          serial_library_regret_index_headful
D:7:      layout_loops_ring, nicolae_vehumet_radiance,
          nemelex_spade_bored_becter, minmay_temple_entry_nine_rooms
D:8:      layout_basic
D:9:      layout_cross, dpeg_lair_monsters, billiards_dpeg
Temple:   dpeg_chambers_temple

Skill      XL: |  1  2  3  4  5  6  7  8  9 10 |
---------------+-------------------------------+-----
Fighting       | 4 5 6 7 |  7.2
Armour         | 4 5 6 7 8 9 |  9.6
Long Blades    | 3 4 5 6 7 8 10 | 10.9
Shields        | 4 7 9 10 | 10.9
Dodging        | 1 2 3 4 |  4.1
Stealth        | 1 |  1.0
Invocations    | |  0.2
Evocations     | |  0.8

Action                     |  1- 3 |  4- 6 |  7- 9 | 10-12 || total
---------------------------+-------+-------+-------+-------++-------
  Melee: Long sword        |    89 |   163 |   376 |    69 ||   697
         Headbutt          |    10 |    20 |    82 |    26 ||   138
 Invoke: Heroism           |       |       |       |     2 ||     2
  Evoke: Wand              |       |       |     2 |       ||     2
    Use: Potion            |     2 |     2 |     2 |       ||     6
         Scroll            |       |       |    16 |       ||    16
 Armour: Scale mail        |    69 |   125 |     5 |       ||   199
         Chain mail        |       |       |   232 |    65 ||   297
  Dodge: Dodged            |    48 |   107 |    94 |    33 ||   282
  Block: Buckler           |    25 |    44 |     9 |       ||    78
         Tower shield      |       |       |   362 |   134 ||   496
